 Dungeon Crawl Stone Soup version 0.26.0-18-gc5c842f807 (webtiles) character file.

Game seed: 444019745298217242

989 kaeus the Firebug (level 8, -12/41 HPs)
             Began as a Gargoyle Fire Elementalist on Jan 23, 2021.
             Mangled by an ice beast (21 damage)
             ... on level 6 of the Dungeon.
             The game lasted 00:10:23 (8549 turns).

kaeus the Firebug (Gargoyle Fire Elementalist)      Turns: 8549, Time: 00:10:24

Health: -12/41     AC:  9    Str: 13    XL:     8   Next: 18%
Magic:  6/14       EV: 10    Int: 23    God:
Gold:   293        SH:  7    Dex:  7    Spells: 11/16 levels left

rFire    + . .     SeeInvis .   u - +4 rapier
rCold    x . .     Faith    .   a - +0 buckler
rNeg     + . .     Spirit   .   q - +0 leather armour
rPois    ∞         Reflect  +   (no helmet)
rElec    +         Harm     .   (no cloak)
rCorr    .         Rampage  .   (no gloves)
Will     ++...                  i - +0 pair of boots
Stlth    +.........             B - amulet of reflection
HPRegen  0.13/turn              n - +6 ring of intelligence
MPRegen  0.14/turn              z - ring of Arierghao {Fire Will++ Dex-3}

@: no status effects
A: negative energy resistance 1, electricity resistance, unbreathing,
petrification resistance, miasma immunity, AC +5
a: no special abilities


You were on level 6 of the Dungeon.
You visited 1 branch of the dungeon, and saw 6 of its levels.

You collected 293 gold pieces.

Inventory:

Hand Weapons
 u - a +4 rapier (weapon)
Armour
 a - a +0 buckler (worn)
 i - a +0 pair of boots (worn)
 q - a +0 leather armour (worn)
Jewellery
 n - a +6 ring of intelligence (left hand)
 z - the ring of Arierghao (right hand) {Fire Will++ Dex-3}
   (You took it off an orc wizard on level 5 of the Dungeon)

   [ring of fire]

   It enhances your fire magic.
   It affects your dexterity (-3).
   It protects you from fire.
   It makes you vulnerable to cold.
   It affects your willpower, your defense against some magical effects.
 B - an amulet of reflection (around neck)
Wands
 r - a wand of iceblast (7)
 t - a wand of enslavement (4)
 x - a wand of flame (21)
 A - a wand of random effects (19)
Scrolls
 c - 6 scrolls of identify
 g - 2 scrolls of amnesia {unknown}
 k - 3 scrolls of remove curse {unknown}
 m - 3 scrolls of immolation {unknown}
 p - a scroll of magic mapping {unknown}
 v - a scroll of fear {unknown}
 w - 2 scrolls of enchant weapon {unknown}
 y - a scroll of enchant armour {unknown}
Potions
 b - 3 potions of heal wounds {unknown}
 d - 4 potions of degeneration {unknown}
 e - 6 potions of curing {unknown}
 f - a potion of invisibility {unknown}
 h - a potion of might {unknown}
 j - a potion of attraction {unknown}
 l - 3 potions of flight {unknown}
 o - 2 potions of brilliance {unknown}
 s - a potion of mutation {unknown}


   Skills:
 - Level 1.5 Dodging
 - Level 2.1 Stealth
 + Level 4.5 Spellcasting
 + Level 5.0 Conjurations
 * Level 7.2 Fire Magic


You had 11 spell levels left.
You knew the following spells:

 Your Spells              Type           Power        Failure   Level
a - Foxfire               Conj/Fire      100%         1%          1
b - Sticky Flame          Conj/Fire      50%          17%         4

Your spell library contained the following spells:

 Spells                   Type           Power        Failure   Level
 Conjure Flame            Conj/Fire      50%          4%          3
 Inner Flame              Hex/Fire       32%          14%         3
 Freeze                   Ice            20%          22%         1
 Fireball                 Conj/Fire      25%          43%         5
 Confusing Touch          Hex            5%           54%         3
 Frozen Ramparts          Ice            10%          54%         3
 Gell's Gravitas          Tloc           2%           54%         3
 Ozocubu's Armour         Ice            5%           54%         3
 Hailstorm                Conj/Ice       16%          58%         4
 Petrify                  Tmut/Erth      5%           91%         4
 Summon Ice Beast         Ice/Summ       5%           91%         4
 Metabolic Englaciation   Hex/Ice        2%           99%         5
 Yara's Violent Unravell  Hex/Tmut       2%           99%         5


Dungeon Overview and Level Annotations

Branches:
Dungeon (6/15)
 Temple: D:4-7

Altars:
Dithmenos
Hepliaklqana
Kikubaaqudgha
Nemelex Xobeh
Okawaru
Ru
Sif Muna
Trog
Uskayaw
Vehumet
Yredelemnul

Annotations:
D:2 1 runed translucent door, Crazy Yiuf


Innate Abilities, Weirdness & Mutations

You are resistant to torment.
Your stone body is resilient. (AC +5)
You are immune to poison.
You resist negative energy. (rN+)
You are resistant to electric shocks. (rElec)
You can survive without breathing.
You are immune to petrification.
You are immune to miasma.


Message History

The ice beast is heavily wounded.
Casting: Foxfire (safe; 1% risk of failure)
Confirm with . or Enter, or press ? or * to list all spells.
You feel a surge of power!
You conjure some foxfire!
The ice beast hits you but does no damage.
You now have 6/14 mp.
You barely miss the ice beast.
The ice beast is moderately wounded.
The foxfire hits the ice beast.
The ice beast melts!
The ice beast is heavily wounded.
The foxfire hits the ice beast but does no damage.
The ice beast is heavily wounded.
The ice beast barely misses you. The ice beast closely misses you.
Casting: Foxfire (safe; 1% risk of failure)
Confirm with . or Enter, or press ? or * to list all spells.
You feel a surge of power!
You conjure some foxfire!
The ice beast hits you.
* * * LOW HITPOINT WARNING * * *
The ice beast freezes you!!
You feel a terrible chill!
Ouch! That really hurt!
You die...

#.)####+####.#
#.#.###..
#..#.^#^#^.#.#
#.#...#..
##.##^#.#^##.#
#.#......
#.#.^#.#^.#.#
#.#.#.#..
#.##^#.#^##.#
#.#.#.#..
#.#.^#.#^.#.#
#.#.#.#..
#.####'####.#
#........
#.........vv#
#.#...#..
##########.@#
#.#...... ##Y#
#.#..#### #.#
#.#..#### #.....#
#.#......
###........##.####
.#########..... #
######


You could see an ice beast.

Vanquished Creatures
  Sigmund (D:5)
  An ice beast (D:6)
  A sky beast (D:5)
  A bullfrog (D:6)
  2 scorpions
  2 hounds
  A centaur skeleton (D:4)
  An orc priest (D:4)
  An iguana (D:5)
  Natasha (thrice) (D:3)
  3 orc wizards
  3 worker ants (D:4)
  3 adders
  An ufetubus (D:6)
  3 oozes
  A worm (D:2)
  3 leopard geckos
  10 orcs
  7 giant cockroaches
  A goblin (D:2)
  3 hobgoblins
  5 jackals
  2 quokkas
  A ball python (D:3)
  6 bats
  A frilled lizard (D:1)
  A leopard gecko skeleton (D:4)
  6 rats
74 creatures vanquished.

Vanquished Creatures (others)
  247 foxfires
247 creatures vanquished.

Grand Total: 321 creatures vanquished

Notes
Turn   | Place    | Note
-------+----------+-------------------------------------------
     0 | D:1      | kaeus the Gargoyle Fire Elementalist began the quest for
                  | the Orb.
     0 | D:1      | Reached XP level 1. HP: 10/10 MP: 3/3
   238 | D:1      | Reached XP level 2. HP: 12/15 MP: 5/5
  1208 | D:2      | Reached XP level 3. HP: 16/19 MP: 1/6
  1637 | D:2      | Found a basalt altar of Yredelemnul.
  1637 | D:2      | Found an iron altar of Okawaru.
  1637 | D:2      | Found a bloodstained altar of Trog.
  1638 | D:2      | Found an ancient bone altar of Kikubaaqudgha.
  1775 | D:2      | Found a runed translucent door.
  1776 | D:2      | Noticed Crazy Yiuf
  2656 | D:3      | Reached skill level 4 in Fire Magic
  2656 | D:3      | Reached XP level 4. HP: 24/24 MP: 2/7
  2976 | D:3      | Learned a level 4 spell: Sticky Flame
  3322 | D:3      | Found a sacrificial altar of Ru.
  3323 | D:3      | Noticed Natasha
  3791 | D:3      | Killed Natasha
  3792 | D:3      | Reached XP level 5. HP: 24/28 MP: 6/9
  5045 | D:3      | Noticed Natasha
  5053 | D:3      | Killed Natasha
  5898 | D:3      | Noticed Natasha
  5903 | D:3      | Killed Natasha
  6259 | D:4      | Reached skill level 5 in Fire Magic
  6259 | D:4      | Reached XP level 6. HP: 32/32 MP: 5/10
  7355 | D:4      | Found a radiant altar of Vehumet.
  7355 | D:4      | Found a shimmering blue altar of Sif Muna.
  7469 | D:5      | Entered Level 5 of the Dungeon
  7479 | D:5      | Noticed a sky beast
  7482 | D:5      | Reached XP level 7. HP: 36/36 MP: 9/12
  7488 | D:5      | Reached skill level 6 in Fire Magic
  7695 | D:5      | Noticed Sigmund
  7700 | D:5      | Killed Sigmund
  7751 | D:5      | Found a hide-covered altar of Uskayaw.
  7921 | D:5      | Found a hazy altar of Hepliaklqana.
  7924 | D:5      | Found a shadowy altar of Dithmenos.
  7924 | D:5      | Noticed a shadow
  7960 | D:5      | Found a sparkling altar of Nemelex Xobeh.
  7981 | D:5      | Identified the ring of Arierghao {Fire Will++ Dex-3}
  8217 | D:6      | Reached skill level 7 in Fire Magic
  8217 | D:6      | Reached XP level 8. HP: 31/41 MP: 8/14
  8501 | D:6      | Reached skill level 5 in Conjurations
  8549 | D:6      | Mangled by an ice beast

Illustrated notes

Levels and vault maps discovered:
D:1:      dpeg_arrival_orchard, layout_basic
D:2:      layout_loops_ring, chequers_temple_overflow_statue_of_worship,
          uniq_crazy_yiuf_cottage
D:3:      layout_loops_ring, nicolae_ru_awakened_eye, uniq_natasha
D:4:      layout_loops_corners, gammafunk_temple_overflow_elements, st_stairs_9,
          minmay_box_of_dots
D:5:      layout_cave_pools, riverfiend_overflow_shadow_ancestor,
          overflow_temple_1_default, basic_altar, item_on_display_b,
          uniq_sigmund
D:6:      layout_basic, minmay_temple_entry_from_below_a,
          grunt_decor_one_mirror, grunt_tough_drop

Skill      XL: |  1  2  3  4  5  6  7  8 |
---------------+-------------------------+-----
Conjurations   | 2 3 4 5 |  5.0
Fire Magic     | 4 5 7 |  7.2
Spellcasting   | 3 4 |  4.5
Dodging        | |  1.5
Stealth        | |  2.1

Action                   |  1- 3 |  4- 6 |  7- 9 || total
-------------------------+-------+-------+-------++-------
Melee: Club              |    52 |       |       ||    52
       Hand axe          |     1 |    49 |       ||    50
       Rapier            |       |    14 |    40 ||    54
 Cast: Foxfire           |    70 |    67 |    53 ||   190
  Use: Scroll            |       |     1 |       ||     1
 Stab: Sleeping          |     1 |       |       ||     1
Armor: Robe              |    27 |       |       ||    27
       Leather armour    |       |    43 |    25 ||    68
Dodge: Dodged            |    57 |    35 |    23 ||   115
Block: Buckler           |       |     8 |    12 ||    20
